 Dungeon Crawl Stone Soup version 0.17.1-3-g152610e (webtiles) character file.

105 kaze the Chucker (level 4, -1/63 HPs)
             Began as a Troll Hunter on Feb 29, 2016.
             Slain by an orc wizard
             ... wielding a +0 dagger
              (2 damage)
             ... on level 3 of the Dungeon.
             The game lasted 00:07:05 (2096 turns).

kaze the Chucker (Troll Hunter)                     Turns: 2096, Time: 00:07:05

Health: -1/63      AC: 22    Str: 21    XL:     4   Next: 54%
Magic:  3/3        EV:  1    Int:  7    God:
Gold:   124        SH:  0    Dex: 10    Spells: 0 memorised, 3 levels left

rFire  . . .     SeeInvis .     v - +0 dire flail
rCold  . . .     Clarity  .     (armour currently unavailable)
rNeg   + + +     SustAt   .     (shield currently unavailable)
rPois  +         Gourm    +     (helmet currently unavailable)
rElec  .         Spirit   .     (cloak currently unavailable)
rCorr  .         Warding  .     (gloves unavailable)
rMut   .         NoTele   +     (boots unavailable)
MR     .....                    (no amulet)
Stlth  ++........               (no ring)
                                (no ring)

@: lethally poisoned (-1 -> -12), tree-form, slowed, very slow, not resistant to
hostile enchantments, unstealthy
A: unfitting armour, (claws 0), fast metabolism 3, gourmand, regeneration 2,
(shaggy fur 0), (tough skin 0)
a: no special abilities


You were on level 3 of the Dungeon.
You were very full.
You were a tree.
You visited 1 branch of the dungeon, and saw 3 of its levels.

You collected 124 gold pieces.

Inventory:

Hand Weapons
 a - a +0 short sword
 v - a +0 dire flail (weapon)
Armour
 b - a +0 robe (melded)
Jewellery
 t - a cursed ring of loudness {unknown}
Wands
 p - a wand of confusion (11)
Scrolls
 h - 3 scrolls of noise {unknown}
 i - 3 scrolls of teleportation {unknown}
 m - 3 scrolls of identify {unknown}
 n - a scroll of blinking {unknown}
 q - 2 scrolls of remove curse {unknown}
 r - a scroll of fog {unknown}
 s - a scroll of fear {unknown}
Potions
 k - 2 potions of might {unknown}
 l - 2 potions of curing {unknown}
 o - a potion of beneficial mutation {unknown}
 u - a potion of resistance {unknown}
Comestibles
 e - 3 bread rations
 f - 2 beef jerkies


   Skills:
 + Level 1.9 Fighting
 + Level 0.2 Short Blades
 + Level 4.5 Throwing
 + Level 2.5 Dodging
 + Level 0.9 Stealth


You had 3 spell levels left.
You didn't know any spells.

Dungeon Overview and Level Annotations

Branches:
Dungeon (3/15)

Altars:


Innate Abilities, Weirdness & Mutations

You are too large for most types of armour.
((You have claws for hands.))
Your metabolism is lightning-fast.
You like to eat raw meat.
You heal very quickly.
((You are covered in fur (AC +1).))
((You have very tough skin (AC +2).))


Message History

You miss something.
You feel sick.
The orc wizard hits you but does no damage.
You are lethally poisoned!
The orc wizard hits you but does no damage.
You hear some strange, mumbled words.
A magic dart appears from out of thin air!
The magic dart hits you!
The orc wizard hits you but does no damage.
Something hits you but does no damage.
You barely miss something.
* * * LOW HITPOINT WARNING * * *
You feel very sick.
The orc wizard hits you but does no damage.
You are more poisoned.
The orc wizard gestures at you while chanting.
You feel as though you will be slow longer.
Something hits you but does no damage.
The orc wizard hits you but does no damage.
Something hits you.
You die...

#. #. #.### #.#.(
##+#.#.# #....#.#
+....#.######. ###
#...>†{oo.....
#.###...##♣######.
#...#.. #.# #<#.#.
#.# ###.# #.# #.#
#.# #.# #.# #.#
#.# #.# #.# #.#
#.#


You could see an orc wizard and an orc.

Vanquished Creatures
  An orc priest (D:3)
  2 adders (D:2)
  An ooze (D:2)
  3 giant geckos (D:1)
  An orc (D:3)
  2 ball pythons (D:1)
  4 giant cockroaches
  A goblin (D:1)
  3 hobgoblins
  10 jackals
  6 kobolds
  A quokka (D:1)
  8 bats
  2 giant newts (D:1)
  5 rats
50 creatures vanquished.

Notes
Turn   | Place    | Note
--------------------------------------------------------------
     0 | D:1      | kaze the Troll Hunter began the quest for the Orb.
     0 | D:1      | Reached XP level 1. HP: 19/19 MP: 0/0
    88 | D:1      | Reached XP level 2. HP: 21/27 MP: 1/1
   173 | D:1      | Reached skill level 4 in Throwing
   869 | D:1      | Reached XP level 3. HP: 31/35 MP: 2/2
  1690 | D:2      | Reached XP level 4. HP: 37/42 MP: 3/3
  2095 | D:3      | HP: 3/63 [poisoned by an orc wizard]
  2096 | D:3      | HP: 1/63 [poisoned by an orc wizard]
  2096 | D:3      | Slain by an orc wizard

Action                   |  1- 3 |  4- 6 || total
-------------------------+-------+-------++-------
Melee: Short sword       |   123 |       ||   123
       Dire flail        |       |    43 ||    43
Throw: Large rock        |    61 |     2 ||    63
       Throwing net      |    16 |     1 ||    17
       Tomahawk          |     8 |     1 ||     9
  Use: Potion            |       |     1 ||     1
 Stab: Held in net/web   |     1 |       ||     1
  Eat: Chunk             |    21 |     3 ||    24
